 Dungeon Crawl Stone Soup version 0.30-a0-57-g8b159a9891 (webtiles) character file.

Game seed: 8592876572482752862

143864 Conn the Eclecticist (level 17, 0/154 HPs)
             Began as an Octopode Fire Elementalist on Sept 11, 2022.
             Was a High Priest of Sif Muna.
             Slain by an earth elemental (16 damage)
             ... on level 3 of the Elven Halls on Sept 12, 2022.
             The game lasted 02:51:30 (32510 turns).

Conn the Eclecticist (Octopode Fire Elementalist)  Turns: 32510, Time: 02:51:31

Health: 0/154      AC: 24    Str:  8    XL:     17   Next: 38%
Magic:  11/32      EV:  2    Int: 31    God:    Sif Muna [*****.]
Gold:   1326       SH:  0    Dex: 20    Spells: 6/46 levels left

rFire   + + .      SeeInvis +    b - +7 hand axe "Jaucon Xamm" {holy, rPois rF+ rC+ Int+2}
rCold   + . .      Faith    .    L - +5 kite shield
rNeg    . . .      Spirit   .    (helmet currently unavailable)
rPois   +          Reflect  .    V - amulet of Vitality {RegenMP++ Regen++}
rElec   .          Harm     .    d - ring of see invisible
rCorr   +          Rampage  .    t - +6 ring of dexterity
Will    +....      NoTele   +    w - ring of resist corrosion
Stlth   ++........               g - +4 ring of slaying
HPRegen 1.95/turn                G - ring of protection from fire
MPRegen 1.03/turn                N - +4 ring of evasion
                                 P - +6 ring of intelligence
                                 (no ring)

@: confused, tree-form, ambrosia-drunk, corroded, invisible
A: stationary, stasis, torment immunity, boosted hp, almost no armour,
(amphibious), 8 rings, (camouflage 1), (gelatinous body 1), (nimble swimmer 1),
(tentacles), (antennae 1), low MP 1
a: Renounce Religion, Channel Magic, Forget Spell, Divine Exegesis


You were on level 3 of the Elven Halls.
You worshipped Sif Muna.
Sif Muna was extremely pleased with you.
You were a tree.
You visited 5 branches of the dungeon, and saw 24 of its levels.
You also visited: Ossuary.

You collected 3126 gold pieces.
You spent 1800 gold pieces at shops.

Inventory:

Hand Weapons
 b - the +7 hand axe "Jaucon Xamm" (weapon) {holy, rPois rF+ rC+ Int+2}
   (You found it on level 5 of the Dungeon)

   It has been blessed by the Shining One to cause great damage to the undead
   and demons.
   Int:       It affects your intelligence (+2).
   rF:        It protects you from fire.
   rC:        It protects you from cold.
   rPois:     It protects you from poison.
 W - a +4 dagger of protection
 X - a +3 sling of flaming
Missiles
 O - 3 throwing nets
 T - 6 curare-tipped darts
Armour
 i - the +0 mask of the Dragon (melded) {Will+ Slay+3 SInv}
   (You acquired it in an ossuary)

   Slay:      It affects your accuracy & damage with ranged weapons and melee
   (+3).
   SInv:      It lets you see invisible.
   Will:      It increases your willpower.
 L - a +5 kite shield (worn)
Magical Staves
 a - a staff of fire
Jewellery
 d - a ring of see invisible (left branch)
 e - an amulet of faith
 f - an amulet of reflection
 g - a +4 ring of slaying (on tentacle)
 t - a +6 ring of dexterity (right branch)
 w - a ring of resist corrosion (on tentacle)
 y - a ring of ice
 G - a ring of protection from fire (on tentacle)
 N - a +4 ring of evasion (on tentacle)
 P - a +6 ring of intelligence (on tentacle)
 R - an amulet of the acrobat
 V - the amulet of Vitality (around neck) {RegenMP++ Regen++}
   (You bought it in a shop on level 1 of the Orcish Mines)

   [amulet of magic regeneration]

   It increases your rate of magic regeneration.
   Regen:     It increases your rate of health regeneration.
 Z - a +4 ring of protection
Wands
 m - a wand of mindburst (10)
 s - a wand of quicksilver (3)
 v - a wand of polymorph (12)
 C - a wand of digging (2)
 J - a wand of iceblast (14)
 M - a wand of paralysis (12)
 Q - a wand of flame (24)
Scrolls
 c - 5 scrolls of immolation
 l - 2 scrolls of fear
 n - a scroll of teleportation
 q - 3 scrolls of butterflies
 A - 3 scrolls of amnesia
 D - 6 scrolls of identify
 F - 3 scrolls of magic mapping
 I - a scroll of blinking
 Y - a scroll of silence {unknown}
Potions
 h - 13 potions of curing
 j - 2 potions of resistance
 o - 4 potions of might
 p - 5 potions of cancellation
 r - 2 potions of heal wounds
 u - 2 potions of haste
 x - 2 potions of magic
 B - 3 potions of flight
 E - a potion of invisibility
 H - 2 potions of brilliance
 K - 2 potions of berserk rage
Miscellaneous
 U - a lightning rod (3/4)


   Skills:
 + Level 5.2 Fighting
 + Level 2.5 Short Blades
 * Level 5.7 Axes
 + Level 1.5 Staves
 + Level 5.2 Dodging
 - Level 6.3 Stealth
 + Level 7.8 Shields
 + Level 15.0 Spellcasting
 * Level 12.3 Conjurations
 + Level 4.7 Hexes
 + Level 6.3 Summonings
 + Level 4.5 Translocations
 + Level 14.1 Fire Magic
 + Level 5.4 Ice Magic
 + Level 5.3 Air Magic
 + Level 1.4 Earth Magic
 + Level 0.2 Poison Magic
 + Level 9.0 Invocations
 + Level 1.0 Evocations


You had 6 spell levels left.
You knew the following spells:

 Your Spells              Type           Power      Damage    Failure   Level
a - Foxfire               Conj/Fire      100%       2x1d9     1%          1
b - Conjure Flame         Conj/Fire      81%        6-21      1%          3
c - Inner Flame           Hex/Fire       69%        N/A       1%          3
d - Flame Wave            Conj/Fire      81%        2d18      1%          4
e - Scorch                Fire           100%       2d10      1%          2
f - Call Canine Familiar  Summ           58%        N/A       1%          3
g - Airstrike             Air            27%        2d(4-20)  5%          4
h - Swiftness             Air            54%        N/A       1%          3
i - Stone Arrow           Conj/Erth      100%       3d13      1%          3
j - Ozocubu's Armour      Ice            55%        N/A       1%          3
k - Starburst             Conj/Fire      40%        6d12      3%          6
l - Blink                 Tloc           100%       N/A       1%          2
m - Mephitic Cloud        Conj/Pois/Air  57%        N/A       1%          3

Your spell library contained the following spells:

 Spells                   Type           Power      Damage    Failure   Level
 Apportation              Tloc           100%       N/A       1%          1
 Magic Dart               Conj           100%       1d8       1%          1
 Shock                    Conj/Air       100%       1d9       1%          1
 Slow                     Hex            100%       N/A       1%          1
 Summon Small Mammal      Summ           100%       N/A       1%          1
 Call Imp                 Summ           58%        N/A       1%          2
 Ensorcelled Hibernation  Hex/Ice        100%       N/A       1%          2
 Searing Ray              Conj           100%       2d8       1%          2
 Static Discharge         Conj/Air       100%       3-10/arc  1%          2
 Confusing Touch          Hex            52%        N/A       1%          3
 Dazzling Flash           Conj/Hex       100%       N/A       1%          3
 Portal Projectile        Hex/Tloc       100%       N/A       1%          3
 Iskenderun's Battlesphe  Conj           79%        2d13      1%          5
 Gell's Gravitas          Tloc           51%        N/A       2%          3
 Teleport Other           Tloc           51%        N/A       2%          3
 Lightning Bolt           Conj/Air       33%        1d51      3%          5
 Necrotise                Necr           92%        1d8       4%          1
 Passwall                 Tmut/Erth      22%        N/A       5%          2
 Cause Fear               Hex            26%        N/A       7%          4
 Leda's Liquefaction      Hex/Erth       21%        N/A       13%         4
 Vampiric Draining        Necr           23%        2d7       14%         3
 Ice Form                 Ice/Tmut       40%        N/A       16%         4
 Silence                  Hex/Air        26%        N/A       17%         5
 Conjure Ball Lightning   Conj/Air       33%        3x3d11    19%         6
 Manifold Assault         Tloc           51%        N/A       21%         5
 Animate Dead             Necr           23%        N/A       43%         4
 Borgnjor's Vile Clutch   Necr/Erth      13%        N/A       67%         5
 Dispersal                Tloc           25%        N/A       73%         6
 Death Channel            Necr           11%        N/A       100%        6
 Orb of Destruction       Conj           39%        9d11      26%         7
 Ozocubu's Refrigeration  Ice            27%        4d13      99%         7
 Storm Form               Tmut/Air       19%        N/A       100%        7
 Discord                  Hex            26%        N/A       100%        8
 Lehudib's Crystal Spear  Conj/Erth      30%        10d8      100%        8
 Chain Lightning          Conj/Air       33%        3d44      100%        9
 Animate Armour           Summ/Erth      Unusable   N/A       N/A         4

Dungeon Overview and Level Annotations

Branches:
Dungeon (13/15)            Temple (1/1) D:7            Lair (5/5) D:10
  Swamp (0/4) Lair:3       Spider (0/4) Lair:3        Slime (0/5) Lair:4
    Orc (2/2) D:10            Elf (3/3) Orc:2       Ossuary (visited)
 Vaults: D:13-14

Altars:
Ashenzari
Cheibriados
Dithmenos
Elyvilon
Fedhas
Gozag
Hepliaklqana
Kikubaaqudgha
Makhleb
Nemelex Xobeh
Okawaru
Qazlal
Ru
Sif Muna
Trog
Uskayaw
Vehumet
Wu Jian
Xom
Yredelemnul
Zin
The Shining One
Jiyva

Shops:
D:3 [=(   D:8 ?   Orc:1 =?[   Orc:2 *[(:

Annotations:
D:8 2 transporters, fly's ghost, novice DgDe
D:11 1 runed translucent door, Jano's ghost, journeyman DsCA
Lair:4 Rupert
Elf:1 3 runed translucent doors


Innate Abilities, Weirdness & Mutations

You are a tree.
Your roots penetrate the ground, keeping you stationary.
You cannot be teleported.
You are immune to unholy pain and torment.
Your maximum health is greatly increased.
You cannot wear most types of armour.
((You are amphibious.))
You can wear up to eight rings at the same time.
((Your skin changes colour to match your surroundings (Stealth+).))
((Your rubbery body absorbs attacks. (AC +1, EV +1)))
((You are camouflaged when in or above water. (Stealth+)))
((You have tentacles for arms and can constrict up to eight enemies at once.))
((You have a pair of small antennae on your head.))
Your magical capacity is low. (-10% MP)


Message History

Some walls begin to move on their own!
The fire elemental hits you. The fire elemental burns you! You resist.
* * * LOW HITPOINT WARNING * * *
The deep elf sorcerer is engulfed in blazing flames.
The deep elf zephyrmancer casts a spell.
The deep elf zephyrmancer blinks!
The +5 dire flail of protection is engulfed in blazing flames.
You block the earth elemental's attack.
Okay, then.
Press: ? - help, v - describe, . - travel
Here: an earth elemental The floor.
Unknown command.
You fade into invisibility!
You block the fire elemental's attack. You block the earth elemental's attack.
The earth elemental hits you but does no damage.
The deep elf sorcerer is engulfed in blazing flames.
A deep elf knight comes into view. It is wielding a +0 long sword.
Okay, then.
You are confused.
You feel invigorated. The fire elemental hits you. x2
The fire elemental burns you! You resist.
* * * LOW HITPOINT WARNING * * *
The earth elemental hits you!
* * * LOW HITPOINT WARNING * * *
The earth elemental hits you.
* * * LOW HITPOINT WARNING * * *
A deep elf knight comes into view. It is wielding a +0 long sword.
The deep elf annihilator mumbles some strange words.
The deep elf annihilator blinks!
The deep elf zephyrmancer casts a spell.
The deep elf zephyrmancer blinks!
The deep elf pyromancer points at you and mumbles some strange words.
The sticky flame hits the earth elemental.
The earth elemental completely resists.
The earth elemental is covered in liquid flames!
The fire elemental hits you. The fire elemental burns you! You resist.
* * * LOW HITPOINT WARNING * * *
The earth elemental hits you!
You die...

#.. #)e
####e)###############
....e○)e..'.E(.....§.
...○○○eEE)eeEEE......
.###.''.ee○#E♣E<.....
# #.....#.##E.+##''##
#.##.....'........ ..
#..'.....#.e###...
#.##....###.# ##.
##..## #.# ..
#.####'### .# .#
#.....)..# .# #
######.#.##.#####


You could see a deep elf annihilator, a deep elf death mage, 2 deep elf knights,
6 earth elementals, a deep elf pyromancer (unable to see you), 3 fire elementals
and a +5 dire flail of protection (unable to see you).

Vanquished Creatures
  3 deep elf blademasters
  An iron dragon (Elf:1)
  An orc warlord (Orc:2)
  5 deep elf sorcerers
  4 deep elf elementalists
  2 deep elf demonologists
  2 deep elf annihilators
  4 deep elf death magi
  4 deep elf high priests
  An ice dragon (Elf:1)
  6 boulder beetles
  6 hydras
  4 catoblepae (Lair:5)
  6 two-headed ogres
  A centaur warrior (D:13)
  24 dancing weapons
  15 deep elf knights
  13 death yaks (Lair:5)
  4 orc high priests
  A tengu warrior (D:13)
  A deep troll (D:13)
  25 deep elf zephyrmancers
  20 deep elf pyromancers
  8 deep elf archers
  4 orc knights
  4 orc sorcerers
  4 cyclopes
  4 manticores
  15 cane toads
  2 torpor snails
  22 elephants
  Joseph (D:8)
  2 black mambas
  Psyche (D:10)
  3 rime drakes
  Maggie (D:10)
  A kobold demonologist (D:9)
  9 komodo dragons
  3 unseen horrors (D:12)
  A rime drake (shapeshifter) (D:13)
  A tengu conjurer (D:13)
  6 trolls
  3 hornets
  5 blink frogs (Lair:4)
  3 dream sheep
  A spriggan (Lair:2)
  67 yaks
  A water elemental (Elf:1)
  Sigmund (D:3)
  An air elemental (Elf:2)
  3 culicivoras (Lair:3)
  A shadow (D:11)
  2 wraiths
  4 wyverns
  5 basilisks
  A fire elemental (Elf:2)
  A steam dragon (D:7)
  A warg (Orc:1)
  7 vampire mosquitoes (D:13)
  An acid dragon (D:11)
  16 water moccasins
  2 sky beasts (D:6)
  2 ice beasts
  31 orc warriors
  3 black bears
  2 ogres
  12 wolves
  8 centaurs
  2 phantoms
  8 bullfrogs
  2 kobold brigands
  2 necrophages
  A gnoll sergeant (D:9)
  7 scorpions
  3 earth elementals
  7 wights (D:9)
  5 killer bees (D:8)
  4 jellies
  7 hounds
  3 gnoll boudas
  20 orc priests
  Jessica (D:3)
  25 orc wizards
  An iguana (D:3)
  Ijyb (D:3)
  8 mummies (Ossuary)
  16 gnolls
  8 adders
  A shadow imp (D:7)
  A white imp (D:6)
  A worm (D:3)
  3 dart slugs
  68 orcs
  4 bats
  11 endoplasms
  4 giant cockroaches
  2 gnoll zombies (Ossuary)
  4 goblins
  6 hobgoblins
  8 jackals
  23 kobolds
  4 quokkas
  11 ball pythons
  3 frilled lizards
  2 hobgoblin zombies (Ossuary)
  2 kobold zombies (Ossuary)
  2 orc zombies (Ossuary)
  7 rats
727 creatures vanquished.

Vanquished Creatures (collateral kills)
  A deep elf zephyrmancer (Elf:3)
  A deep elf pyromancer (Elf:2)
  A cane toad (Lair:5)
3 creatures vanquished.

Vanquished Creatures (others)
  An orc priest (Orc:2)
  4 bushes (Lair:5)
  1847 foxfires
  65 fungi
  95 plants
2012 creatures vanquished.

Grand Total: 2742 creatures vanquished

Notes
Turn   | Place    | Note
-------+----------+-------------------------------------------
     0 | D:1      | Conn the Octopode Fire Elementalist began the quest for the
                  | Orb.
     0 | D:1      | Reached XP level 1. HP: 11/11 MP: 3/3
   362 | D:1      | Reached XP level 2. HP: 7/17 MP: 1/5
   800 | D:1      | Reached XP level 3. HP: 19/21 MP: 2/6
  1936 | D:2      | Reached XP level 4. HP: 15/27 MP: 7/7
  2412 | D:2      | Reached skill level 1 in Short Blades
  2854 | D:3      | Found Miel's Weapon Shoppe.
  2856 | D:3      | Noticed Jessica
  2864 | D:3      | Killed Jessica
  2865 | D:3      | Reached XP level 5. HP: 31/32 MP: 1/9
  3196 | D:3      | Found a sacrificial altar of Ru.
  3217 | D:3      | Found Eciem's Jewellery Emporium.
  3262 | D:3      | Noticed Ijyb
  3275 | D:3      | Killed Ijyb
  3593 | D:3      | Reached skill level 3 in Spellcasting
  3722 | D:3      | Noticed Sigmund
  3753 | D:3      | Killed Sigmund
  3754 | D:3      | Reached skill level 1 in Fighting
  3754 | D:3      | Reached XP level 6. HP: 32/38 MP: 6/11
  3880 | D:3      | Found Perifan's Antique Armour Shop.
  4126 | D:4      | Learned a level 2 spell: Scorch
  4130 | D:4      | Learned a level 3 spell: Conjure Flame
  4134 | D:4      | Learned a level 3 spell: Inner Flame
  4143 | D:4      | Reached XP level 7. HP: 43/43 MP: 1/12
  4614 | D:5      | Entered Level 5 of the Dungeon
  4767 | D:5      | Reached skill level 5 in Stealth
  4767 | D:5      | Reached skill level 4 in Spellcasting
  4767 | D:5      | Reached skill level 5 in Fire Magic
  5524 | D:5      | Identified the +7 hand axe "Jaucon Xamm" {holy, rPois rF+
                  | rC+ Int+2}
  5620 | D:5      | Reached XP level 8. HP: 48/48 MP: 10/14
  6654 | D:6      | Reached skill level 5 in Spellcasting
  6907 | D:6      | Reached XP level 9. HP: 32/53 MP: 14/17
  7262 | D:7      | Reached skill level 6 in Spellcasting
  7603 | D:7      | Learned a level 4 spell: Flame Wave
  7607 | D:7      | Learned a level 3 spell: Call Canine Familiar
  7654 | D:7      | Reached skill level 5 in Conjurations
  7822 | D:7      | Found a staircase to the Ecumenical Temple.
  7832 | Temple   | Entered the Ecumenical Temple
  7838 | Temple   | Became a worshipper of Sif Muna the Loreminder
  7861 | D:7      | Noticed a hornet
  7865 | D:7      | Killed a hornet
  7866 | D:7      | Reached skill level 7 in Spellcasting
  7866 | D:7      | Reached skill level 1 in Summonings
  7965 | D:7      | Identified the +1 mace "Ciolom" {holy, Dex+2}
  8204 | D:7      | Found a stormy altar of Qazlal.
  8205 | D:7      | Found a radiant altar of Vehumet.
  8550 | D:8      | Found a transporter.
  8566 | D:8      | Reached XP level 10. HP: 59/59 MP: 15/21
  8584 | D:8      | Found Veshithri's Magic Scroll Boutique.
  8615 | D:8      | Reached * piety under Sif Muna
  8658 | D:8      | Found a sand-covered staircase.
  8665 | Ossuary  | Entered an ossuary
  8790 | Ossuary  | Identified a scroll of acquirement
  8792 | Ossuary  | Acquired the +0 mask of the Dragon {Will+ Slay+3 SInv}
  8792 | Ossuary  | Found the +0 mask of the Dragon {Will+ Slay+3 SInv}
  9228 | D:8      | Noticed fly's ghost (novice DgDe)
  9229 | D:8      | Noticed a centaur warrior
  9230 | D:8      | Found a transporter.
  9610 | D:8      | Noticed Joseph
  9830 | D:8      | Killed Joseph
  9830 | D:8      | Reached ** piety under Sif Muna
  9831 | D:8      | Reached skill level 8 in Spellcasting
 10139 | D:9      | Noticed a two-headed ogre
 10167 | D:9      | Killed a two-headed ogre
 10208 | D:9      | Noticed a two-headed ogre
 10218 | D:9      | Killed a two-headed ogre
 10341 | D:9      | Reached skill level 1 in Hexes
 10611 | D:9      | Noticed a kobold demonologist
 10619 | D:9      | Killed a kobold demonologist
 10620 | D:9      | Reached XP level 11. HP: 63/63 MP: 16/23
 10803 | D:9      | Reached skill level 9 in Spellcasting
 11142 | D:10     | Entered Level 10 of the Dungeon
 11182 | D:10     | Found a blossoming altar of Fedhas.
 11314 | D:10     | Noticed a deep elf pyromancer
 11327 | D:10     | Reached *** piety under Sif Muna
 11335 | D:10     | Killed a deep elf pyromancer
 11336 | D:10     | Reached skill level 1 in Staves
 11357 | D:10     | Reached skill level 1 in Invocations
 11833 | D:10     | Found a bloodstained altar of Trog.
 11845 | D:10     | Noticed Psyche
 11852 | D:10     | Killed Psyche
 12046 | D:10     | Noticed Maggie
 12056 | D:10     | Killed Maggie
 12198 | D:10     | Found a staircase to the Lair.
 12279 | D:10     | Found a staircase to the Orcish Mines.
 12513 | D:11     | Noticed a two-headed ogre
 12520 | D:11     | Killed a two-headed ogre
 12522 | D:11     | Noticed a two-headed ogre
 12564 | D:11     | Killed a two-headed ogre
 12761 | D:11     | Reached skill level 10 in Fire Magic
 12962 | D:11     | Reached skill level 5 in Summonings
 13133 | D:11     | Noticed a boulder beetle
 13147 | D:11     | Killed a boulder beetle
 13522 | D:11     | Noticed a cyclops
 13524 | D:11     | Killed a cyclops
 13565 | D:11     | Noticed a manticore
 13570 | D:11     | Killed a manticore
 13571 | D:11     | Reached skill level 10 in Spellcasting
 13864 | D:11     | Found a runed translucent door.
 13866 | D:11     | Found a shimmering altar of Xom.
 13866 | D:11     | Noticed Jano's ghost (journeyman DsCA)
 13867 | D:11     | Noticed a +1 flail of chaos
 13945 | D:12     | Reached XP level 12. HP: 67/70 MP: 19/26
 14262 | D:12     | Noticed a boulder beetle
 14479 | D:12     | Killed a boulder beetle
 14924 | D:12     | Reached **** piety under Sif Muna
 15224 | D:12     | Learned a level 4 spell: Airstrike
 15228 | D:12     | Learned a level 3 spell: Swiftness
 15249 | D:12     | Learned a level 3 spell: Stone Arrow
 15795 | D:13     | Noticed a boulder beetle
 15837 | D:13     | Killed a boulder beetle
 15977 | D:13     | Noticed a boulder beetle
 16052 | D:13     | Killed a boulder beetle
 16343 | D:13     | Reached skill level 1 in Air Magic
 16345 | D:13     | Noticed a centaur warrior
 16354 | D:13     | Killed a centaur warrior
 16355 | D:13     | Reached skill level 1 in Shields
 16537 | D:13     | Noticed a boulder beetle
 16549 | D:13     | Killed a boulder beetle
 16550 | D:13     | Reached skill level 11 in Spellcasting
 16763 | D:13     | Noticed a two-headed ogre
 16765 | D:13     | Reached skill level 5 in Invocations
 16766 | D:13     | Noticed a boulder beetle
 16767 | D:13     | Killed a two-headed ogre
 16780 | D:13     | Noticed a fire dragon
 16859 | Orc:1    | Entered Level 1 of the Orcish Mines
 16890 | Orc:1    | Noticed a two-headed ogre
 17311 | D:13     | Noticed a tengu warrior
 17323 | D:13     | Killed a tengu warrior
 17324 | D:13     | Reached XP level 13. HP: 51/74 MP: 12/28
 17643 | D:13     | Reached skill level 1 in Evocations
 17857 | Lair:1   | Entered Level 1 of the Lair of Beasts
 20538 | Lair:2   | Learned a level 3 spell: Ozocubu's Armour
 20554 | Lair:3   | Found a staircase to the Swamp.
 20598 | Lair:3   | Reached skill level 1 in Ice Magic
 20845 | Lair:3   | Reached skill level 12 in Spellcasting
 21041 | Lair:3   | Found a hole to the Spider Nest.
 22053 | Lair:4   | Noticed Rupert
 22432 | Lair:4   | Reached XP level 14. HP: 81/81 MP: 14/30
 22691 | Lair:4   | Reached ***** piety under Sif Muna
 22723 | Lair:4   | Reached skill level 10 in Conjurations
 23089 | Lair:5   | Entered Level 5 of the Lair of Beasts
 23140 | Lair:5   | Reached skill level 5 in Shields
 23140 | Lair:5   | Received a gift from Sif Muna
 23176 | Lair:5   | Got Sif Muna's Grimoire of Changing Battle Magic {god gift}
 24345 | Lair:5   | Learned a level 6 spell: Starburst
 24619 | Lair:4   | Found a staircase to the Slime Pits.
 24619 | Lair:4   | Found a viscous altar of Jiyva.
 25083 | Lair:5   | Reached XP level 15. HP: 74/86 MP: 17/31
 25396 | Lair:5   | Reached skill level 13 in Spellcasting
 25805 | Lair:5   | Reached skill level 5 in Ice Magic
 26163 | Lair:3   | Learned a level 5 spell: Iskenderun's Battlesphere
 26644 | Orc:1    | Found Izun Ilu's Antique Armour Boutique.
 26657 | Orc:1    | Found Ujirofob's Jewellery Shoppe.
 26699 | Orc:1    | Found Ubegis's Magic Scroll Emporium.
 27124 | Orc:1    | Bought the amulet of Vitality {RegenMP++ Regen++} for 1800
                  | gold pieces
 27124 | Orc:1    | Found the amulet of Vitality {RegenMP++ Regen++}
 27145 | Orc:2    | Entered Level 2 of the Orcish Mines
 27156 | Orc:2    | Received a gift from Sif Muna
 27168 | Orc:2    | Got Sif Muna's Catalogue of Torrid Gusts {god gift}
 27454 | Orc:2    | Noticed an orc warlord
 27463 | Orc:2    | Killed an orc warlord
 27686 | Orc:2    | Found Bugim's Antique Weapon Shop.
 27762 | Orc:2    | Found a staircase to the Elven Halls.
 27845 | Orc:2    | Found Giqov's Antique Armour Shop.
 27860 | Orc:2    | Found Hethroofe's Book Shop.
 27882 | Orc:2    | Found Riex's General Store.
 28109 | Elf:1    | Entered Level 1 of the Elven Halls
 28126 | Elf:1    | Gained mutation: You occasionally lose the ability to read
                  | scrolls when taking damage. [a neqoxec]
 28139 | Orc:2    | Lost mutation: You occasionally lose the ability to read
                  | scrolls when taking damage. [potion of mutation]
 28139 | Orc:2    | Gained mutation: You have a pair of small antennae on your
                  | head. [potion of mutation]
 28139 | Orc:2    | Gained mutation: Your magical capacity is low. (-10% MP)
                  | [potion of mutation]
 28683 | Elf:1    | Noticed a deep elf elementalist
 28692 | Elf:1    | Killed a deep elf elementalist
 28852 | Elf:1    | Learned a level 2 spell: Blink
 28918 | Elf:1    | Found an ancient bone altar of Kikubaaqudgha.
 28994 | Elf:1    | Noticed a deep elf elementalist
 29000 | Elf:1    | Killed a deep elf elementalist
 29054 | Elf:1    | Noticed a deep elf sorcerer
 29067 | Elf:1    | Reached skill level 1 in Axes
 29067 | Elf:1    | Reached skill level 1 in Translocations
 29071 | Elf:1    | Killed a deep elf sorcerer
 29071 | Elf:1    | Received a gift from Sif Muna
 29128 | Elf:1    | Learned a level 3 spell: Mephitic Cloud
 29240 | Elf:1    | Identified the +7 rapier of Zin's Benevolence {vorpal,
                  | Str+2 Dex+3}
 29262 | Elf:1    | Reached XP level 16. HP: 50/91 MP: 19/30
 29541 | Elf:1    | Noticed a Hell Sentinel
 29592 | Elf:1    | Found a runed translucent gate.
 29592 | Elf:1    | Found a runed translucent gate.
 29592 | Elf:1    | Found a runed translucent gate.
 29592 | Elf:1    | Found a runed translucent gate.
 29592 | Elf:1    | Found a runed translucent gate.
 29596 | Elf:1    | Found a runed translucent gate.
 29601 | Elf:1    | Noticed a shadow dragon
 30263 | Elf:1    | Reached skill level 14 in Spellcasting
 30586 | Elf:2    | Identified the +2 pair of boots of Jofued {Dex+6}
 30798 | Elf:2    | Noticed a deep elf blademaster
 30806 | Elf:2    | Killed a deep elf blademaster
 30807 | Elf:2    | Reached skill level 1 in Earth Magic
 30846 | Elf:2    | Paralysed by an air elemental for 1 turns
 30992 | Elf:2    | Received a gift from Sif Muna
 30993 | Elf:2    | Got Sif Muna's Compilation of Blasts {god gift}
 31148 | Elf:2    | Found a runed translucent gate.
 31148 | Elf:2    | Found a runed translucent gate.
 31148 | Elf:2    | Found a runed translucent gate.
 31220 | Elf:2    | Reached skill level 5 in Air Magic
 31318 | Elf:2    | Reached skill level 5 in Fighting
 31684 | Elf:2    | Noticed a deep elf blademaster
 31712 | Elf:2    | Killed a deep elf blademaster
 32011 | Elf:2    | Reached XP level 17. HP: 103/103 MP: 19/32
 32044 | Elf:2    | Reached skill level 5 in Axes
 32171 | Elf:3    | Entered Level 3 of the Elven Halls
 32474 | Elf:3    | Reached skill level 5 in Dodging
 32483 | Elf:3    | Reached skill level 15 in Spellcasting
 32488 | Elf:3    | Noticed a deep elf blademaster
 32507 | Elf:3    | Killed a deep elf blademaster
 32510 | Elf:3    | Slain by an earth elemental

Illustrated notes

Levels and vault maps discovered:
D:1:      dpeg_arrival_round_c, layout_loops_ring
D:2:      layout_basic
D:3:      layout_loops_ring, overflow_temple_1_default, serial_shops,
          nicolae_shop_hallway_stairs, shop, shop, hex_large, uniq_sigmund,
          uniq_ijyb, uniq_jessica
D:4:      layout_basic
D:5:      layout_layer_cave
D:6:      layout_rooms, nicolae_fountain_basement
D:7:      layout_cave_pods, nicolae_overflow_two_pavilions,
          minmay_temple_entry_grid, minmay_bent
D:8:      layout_layer_cave, lightli_ossuary_entry_decrepit_ruins,
          gammafunk_ghost_arena, serial_shops, nicolae_take_the_stairs,
          uniq_joseph
D:9:      layout_basic
D:10:     layout_gridville, fedhas_altar_4, mainiacjoe_overflow_small_starburst,
          david_lair_generic, uniq_psyche, uniq_maggie
D:11:     layout_roguey, gauntlet_entry_generic, ebering_ghost_xom,
          kennysheep_generic_room_5
D:12:     layout_gridville
D:13:     layout_stronghold, david_vaults_4, minivault_26
Temple:   sentei_temple_godly_chess
Lair:1:   layout_chaotic_city
Lair:2:   layout_regular_city, grunt_forest_large_clearing_hut,
          serial_bayou_shore_b, grunt_megastairs_4
Lair:3:   layout_chaotic_city, swamp_mist, hellmonk_spider_entry_life_and_decay,
          beast_lair_carwin_7, infiniplex_staircase_pool_2, serial_bayou_shore_b
Lair:4:   layout_cave_pods, nicolae_slime_entry_slimehenge, grunt_megastairs_5,
          uniq_rupert
Lair:5:   evilmike_catoblepas_cave, layout_loops_ring, columned_hall_lemuel,
          dreamdust_gnoll_shepherd
Orc:1:    layout_caves, serial_shops, nicolae_shop_behind_doors,
          nicolae_diamond_shop, shop_statue
Orc:2:    grunt_orc_cross, layout_diamond_mine
Elf:1:    nicolae_elf_arrival_no_cutting_in_line, layout_geoelf_grid,
          orc_legates, lemuel_statue_altar
Elf:2:    elven_hall_of_blades_hangedman_original
          [nicolae_blade_entry_hurt_lockers], layout_onion_city,
          nicolae_elf_glass_and_crystal_pillar_1, amcnicky_mini_pool_small,
          guppyfry_elf_garden
Elf:3:    minmay_elf_hall_dome, layout_gridlike, uniq_roxanne

Skill      XL: |  1  2  3  4  5  6  7  8  9 10 11 12 13 14 15 16 17 |
---------------+----------------------------------------------------+-----
Stealth        | 3 4 5 6 |  6.3
Short Blades   | 1 2 |  2.5
Conjurations   | 2 3 4 5 7 8 9 11 12 | 12.3
Fire Magic     | 4 5 6 8 9 10 11 12 13 14 | 14.1
Spellcasting   | 3 4 5 7 8 10 11 12 13 14 15 | 15.0
Fighting       | 1 2 5 |  5.2
Summonings     | 1 3 5 6 |  6.3
Dodging        | 3 4 5 |  5.2
Hexes          | 1 2 3 4 |  4.7
Staves         | 1 |  1.5
Invocations    | 3 5 7 8 9 |  9.0
Air Magic      | 3 4 5 |  5.3
Shields        | 2 4 6 7 |  7.8
Evocations     | 1 |  1.0
Ice Magic      | 2 4 5 |  5.4
Axes           | 1 4 5 |  5.7
Translocations | 2 4 |  4.5
Earth Magic    | 1 |  1.4
Poison Magic   | |  0.2

Action                   |  1- 3 |  4- 6 |  7- 9 | 10-12 | 13-15 | 16-18 || total
-------------------------+-------+-------+-------+-------+-------+-------++-------
Melee: Short sword       |    44 |    36 |    15 |     1 |     2 |       ||    98
       Constrict         |    10 |     7 |     6 |     8 |     9 |    10 ||    50
       Tentacles         |     7 |    10 |     7 |    11 |    25 |    24 ||    84
       Punch             |       |     1 |     1 |       |     4 |     2 ||     8
       Staff             |       |       |    15 |    26 |    32 |       ||    73
       Hand axe          |       |       |       |       |    22 |    64 ||    86
 Cast: Foxfire           |    52 |    45 |   185 |   304 |   367 |   119 ||  1072
       Scorch            |       |     4 |    26 |   108 |   181 |    81 ||   400
       Conjure Flame     |       |     1 |     1 |    19 |    13 |       ||    34
       Inner Flame       |       |       |     3 |    49 |    60 |    38 ||   150
       Flame Wave        |       |       |     1 |    18 |    82 |    23 ||   124
       Call Canine Famil |       |       |       |    21 |     3 |     5 ||    29
       Swiftness         |       |       |       |     1 |     6 |     4 ||    11
       Stone Arrow       |       |       |       |     1 |     4 |    51 ||    56
       Ozocubu's Armour  |       |       |       |       |     5 |     8 ||    13
       Starburst         |       |       |       |       |    22 |    21 ||    43
       Airstrike         |       |       |       |       |     5 |    42 ||    47
       Blink             |       |       |       |       |     2 |     4 ||     6
       Iskenderun's Batt |       |       |       |       |     1 |       ||     1
       Mephitic Cloud    |       |       |       |       |       |    14 ||    14
Invok: Channel Magic     |       |       |       |     2 |     6 |     1 ||     9
Evoke: Wand              |       |     1 |     1 |    14 |     3 |       ||    19
       Lightning rod     |       |       |       |       |       |     1 ||     1
  Use: Potion            |     1 |     1 |     3 |     9 |     5 |     8 ||    27
       Scroll            |       |       |     9 |    12 |    12 |     9 ||    42
 Stab: Sleeping          |     5 |     7 |     4 |     1 |     3 |     1 ||    21
       Distracted        |       |       |       |     1 |       |     2 ||     3
       Paralysed         |       |       |       |     1 |       |       ||     1
       Confused          |       |       |       |       |       |     2 ||     2
Armor: Skin              |     6 |     3 |       |     3 |     1 |    38 ||    51
Dodge: Dodged            |    42 |    21 |    33 |    68 |    66 |    99 ||   329
Block: Other             |       |       |       |     7 |       |       ||     7
       Kite shield       |       |       |       |    43 |   222 |   148 ||   413
       Reflection        |       |       |       |    12 |     4 |       ||    16

Table legend: (Time is in decaauts)
 A = Elapsed time spent in this place.
 B = Non-inter-level travel time spent in this place.
 C = Inter-level travel time spent in this place.
 D = Time resting spent in this place.
 E = Time spent auto-exploring this place.
 F = Levels seen in this place.
 G = Mean time per level.
                   A        B        C        D        E       F      G
               +--------+--------+--------+--------+--------+-----+--------+
         Total |  32480 |  31369 |   1111 |   2459 |  19149 |  25 | 1299.2 |
       Dungeon |  18074 |  17238 |    836 |   1130 |  11942 |  13 | 1390.3 |
        Temple |     12 |     12 |      0 |      0 |      0 |   1 |   12.0 |
          Lair |   8350 |   8167 |    183 |   1060 |   5022 |   5 | 1670.0 |
  Orcish Mines |   1878 |   1788 |     90 |    155 |    646 |   2 |  939.0 |
   Elven Halls |   3935 |   3934 |      1 |    114 |   1500 |   3 | 1311.7 |
       Ossuary |    228 |    228 |      0 |      0 |     39 |   1 |  228.0 |
               +--------+--------+--------+--------+--------+-----+--------+

Top non-repeatable levels by time:
  Lair:5: 2504 daAuts
    D:10: 1941 daAuts
     D:5: 1912 daAuts
   Elf:1: 1840 daAuts
     D:1: 1786 daAuts
   Elf:2: 1756 daAuts
    D:12: 1689 daAuts
    D:13: 1657 daAuts
    D:11: 1597 daAuts
  Lair:3: 1562 daAuts
  Lair:2: 1507 daAuts
  Lair:1: 1452 daAuts
     D:8: 1389 daAuts
     D:3: 1357 daAuts
  Lair:4: 1324 daAuts
